Connexion

FLORIDA Panthers vs MONTREAL Canadiens

Created - 25 mars 2024 at 06:54

Goals
1 2 3 T
FLORIDA Panthers 1 1 1 3
MONTREAL Canadiens 1 4 0 5
Shots
1 2 3 T
FLORIDA Panthers 11 5 10 26
MONTREAL Canadiens 18 14 5 37

GoalsPenalties
1st period
1. FLORIDA Panthers , Rickard Rakell 25 (Cody Eakin 30, Michael Bunting 13) at 1:46
2. MONTREAL Canadiens , Boone Jenner 24 (Kyle Capobianco 32) at 3:54
Barclay Goodrow (FLO) for Hooking (Minor) at 8:01
Jacob Trouba (FLO) for Holding (Minor) at 10:05
Justin Faulk (MTL) for Interference (Minor) at 15:59
2nd period
3. MONTREAL Canadiens , Boone Jenner 25 (Jake Guentzel 39, Tyler Seguin 41) at 1:46
4. MONTREAL Canadiens , Tyler Seguin 26 (Boone Jenner 32, Justin Faulk 34) at 4:22 (PP)
5. FLORIDA Panthers , Cody Eakin 21 (Rickard Rakell 30) at 4:30
6. MONTREAL Canadiens , Kailer Yamamoto 15 (Isac Lundestrom 16, Brett Howden 9) at 7:02
7. MONTREAL Canadiens , Tyler Seguin 27 (Jake Guentzel 40, Boone Jenner 33) at 15:12
Jacob Trouba (FLO) for Slashing (Minor) at 4:04
3rd period
8. FLORIDA Panthers , Mikael Backlund 31 (Kiril Kaprizov 27, Nikolay Goldobin 35) at 18:48
Nikita Zadorov (FLO) for Roughing (Minor) at 9:05
Goalie Stats
Jake Allen (FLO), 32 saves from 37 shots - (0,865), L, 9-15-2, 60:00 minutes
Kevin Lankinen (MTL), 23 saves from 26 shots - (0,885), W, 23-17-3, 60:00 minutes
3 StarsOfficial
1 - Boone Jenner (MTL)
2 - Tyler Seguin (MTL)
3 - Jake Guentzel (MTL)
Referees : Kerry Fraser and Chris Ciamaga
Linesman : Pierre Champoux and Pierre Racicot
Game Note
No Game Note
Finance
Level 1 -- Attendance: 6000 (100,00%) -- Ticket Income $720,000
Level 2 -- Attendance: 6197 (74,91%) -- Ticket Income $464,775
Level 3 -- Attendance: 2000 (100,00%) -- Ticket Income $110,000
Level 4 -- Attendance: 3811 (95,28%) -- Ticket Income $133,385
Luxury Box -- Attendance: 998 (99,80%) -- Ticket Income $259,480
Game was played at the Bell Centre.
Total Attendance: 19006 (89,34%)
Total Ticket Income: $1,687,640
Other Income: $337,528
Total Income: $2,025,168



Team Name Goals Shots Shots Attemp Shots Blocked PIM HIT PP PK FO%
FLORIDA Panthers 32662138230 / 1 (0%)149%
MONTREAL Canadiens 53765112311 / 4 (25%)051%

FLORIDA Panthers
Player Name POS G A P +/- PIM HIT SHT SB MP PP MP PP SHT PK MP PK SHT FO% FOT
Barclay GoodrowLW/RW000-2220016:430:0000:000100% 2
Carter VerhaegheC/RW000-2002016:520:0000:080100% 1
Cody EakinC/LW1121012010:360:0000:00031% 13
Ian ColeD000-1031120:450:4912:3600% 0
Jacob TroubaD0001430014:370:0000:0000% 0
Jared Spurgeon D000-1032224:361:1013:3900% 0
Justin ScottC/LW/RW000000309:080:4912:050100% 1
Kiril KaprizovLW0110002023:241:1004:0200% 1
Mario FerraroD000-1001320:450:4902:3600% 0
Mark ScheifeleC000-2012122:041:1024:10043% 28
Michael BuntingLW0111001010:360:0000:0000% 0
Mikael BacklundC/LW1010042021:060:4902:05050% 26
Morgan GeekieC000000006:140:0000:00075% 8
Nikita ZadorovD0001210014:380:0000:0000% 0
Nikolay GoldobinLW/RW0110001019:221:1000:00050% 2
Noah HanifinD000-1043624:361:1013:3900% 0
Rickard RakellC/LW/RW1121004011:250:4900:00050% 2
Taro HiroseLW000001006:140:0000:0000% 0
MONTREAL Canadiens
Player Name POS G A P +/- PIM HIT SHT SB MP PP MP PP SHT PK MP PK SHT FO% FOT
Boone JennerC/LW2242033018:473:3300:00050% 2
Brett HowdenC/LW0111002010:450:0000:00053% 15
Cam AtkinsonLW/RW000-1044122:402:4210:35050% 2
Dakota MermisD000-1022020:323:1520:5100% 0
Evgeni MalkinC/RW000-1033023:292:4201:24033% 3
Isac LundestromC/LW0111011010:450:0000:0000% 0
Jake GuentzelC/LW/RW0222012018:473:3300:0000% 0
Joe VelenoC000-101006:240:0000:00070% 10
Justin FaulkD011-1242223:253:0010:0000% 0
Kailer YamamotoC/LW/RW1011024010:450:0000:0000% 1
Kyle CapobiancoD0113021014:540:0000:0000% 0
Matthew BenningD0003010316:020:0001:0800% 0
Michael PezzettaC/LW000-100116:240:0000:0000% 0
Moritz SeiderD000-1010320:323:1500:5100% 0
Patrick KaneC/RW000-1023023:292:4221:24046% 24
Phil KesselC/RW000-100006:240:0000:0000% 0
Tyler SeguinC/RW2132035019:223:3330:35052% 27
Tyson BarrieD000-1014124:343:0021:0800% 0



Play-by-Play

1st period


0:01 of 1st period - Patrick Kane wins face-off versus Mikael Backlund in neutral zone.
0:18 of 1st period - Noah Hanifin is hit by Cam Atkinson and loses puck.
1:03 of 1st period - Icing by Ian Cole.
1:04 of 1st period - Mark Scheifele wins face-off versus Brett Howden in FLORIDA Panthers zone.
1:14 of 1st period - Off-side.
1:15 of 1st period - Rickard Rakell wins face-off versus Tyler Seguin in neutral zone.
1:29 of 1st period - Rickard Rakell is hit by Tyler Seguin and loses puck.
1:46 of 1st period - Shot by Rickard Rakell.
1:46 of 1st period - Goal by Rickard Rakell - FLORIDA Panthers : 1 - MONTREAL Canadiens : 0.
1:47 of 1st period - Morgan Geekie wins face-off versus Joe Veleno in neutral zone.
2:06 of 1st period - Shot by Morgan Geekie.
2:06 of 1st period - Shot Blocked by Michael Pezzetta.
2:08 of 1st period - Shot by Jared Spurgeon .
2:08 of 1st period - Stopped by Kevin Lankinen without a rebound.
2:09 of 1st period - Brett Howden wins face-off versus Mark Scheifele in MONTREAL Canadiens zone.
2:15 of 1st period - Icing by Mark Scheifele.
2:16 of 1st period - Mark Scheifele wins face-off versus Brett Howden in FLORIDA Panthers zone.
2:50 of 1st period - Shot by Kailer Yamamoto.
2:50 of 1st period - Shot Misses the Net.
3:19 of 1st period - Dakota Mermis is hit by Noah Hanifin and loses puck.
3:24 of 1st period - Shot by Evgeni Malkin.
3:24 of 1st period - Shot Blocked by Noah Hanifin.
3:26 of 1st period - Shot by Cam Atkinson.
3:26 of 1st period - Stopped by Jake Allen with a rebound.
3:28 of 1st period - Shot by Patrick Kane.
3:28 of 1st period - Stopped by Jake Allen without a rebound.
3:29 of 1st period - Tyler Seguin wins face-off versus Cody Eakin in FLORIDA Panthers zone.
3:54 of 1st period - Shot by Boone Jenner.
3:54 of 1st period - Goal by Boone Jenner - FLORIDA Panthers : 1 - MONTREAL Canadiens : 1.
3:55 of 1st period - Mikael Backlund wins face-off versus Patrick Kane in neutral zone.
3:58 of 1st period - Justin Faulk is hit by Mikael Backlund and loses puck.
4:03 of 1st period - Shot by Noah Hanifin.
4:03 of 1st period - Stopped by Kevin Lankinen without a rebound.
4:04 of 1st period - Mikael Backlund wins face-off versus Patrick Kane in MONTREAL Canadiens zone.
5:07 of 1st period - Shot by Morgan Geekie.
5:07 of 1st period - Shot Misses the Net.
5:31 of 1st period - Shot by Justin Scott.
5:31 of 1st period - Shot Misses the Net.
5:39 of 1st period - Shot by Taro Hirose.
5:39 of 1st period - Shot Misses the Net.
5:51 of 1st period - Shot by Boone Jenner.
5:51 of 1st period - Stopped by Jake Allen without a rebound.
5:52 of 1st period - Joe Veleno wins face-off versus Cody Eakin in FLORIDA Panthers zone.
5:55 of 1st period - Shot by Phil Kessel.
5:55 of 1st period - Shot Misses the Net.
6:06 of 1st period - Icing by Kyle Capobianco.
6:07 of 1st period - Joe Veleno wins face-off versus Mark Scheifele in MONTREAL Canadiens zone.
6:07 of 1st period - Joe Veleno is hit by Mark Scheifele.
6:21 of 1st period - Shot by Carter Verhaeghe.
6:21 of 1st period - Stopped by Kevin Lankinen without a rebound.
6:22 of 1st period - Tyler Seguin wins face-off versus Mikael Backlund in MONTREAL Canadiens zone.
6:37 of 1st period - Shot by Tyler Seguin.
6:37 of 1st period - Stopped by Jake Allen without a rebound.
6:38 of 1st period - Brett Howden wins face-off versus Cody Eakin in FLORIDA Panthers zone.
6:39 of 1st period - Shot by Tyson Barrie.
6:39 of 1st period - Stopped by Jake Allen without a rebound.
6:40 of 1st period - Brett Howden wins face-off versus Mikael Backlund in FLORIDA Panthers zone.
7:15 of 1st period - Jared Spurgeon is hit by Kailer Yamamoto and loses puck.
7:35 of 1st period - Justin Faulk is hit by Ian Cole and loses puck.
7:41 of 1st period - Icing by Mark Scheifele.
7:42 of 1st period - Barclay Goodrow wins face-off versus Cam Atkinson in FLORIDA Panthers zone.
7:42 of 1st period - Barclay Goodrow is hit by Patrick Kane.
7:50 of 1st period - Shot by Mark Scheifele.
7:50 of 1st period - Shot Blocked by Cam Atkinson.
8:01 of 1st period - Minor Penalty to Barclay Goodrow for Hooking.
8:02 of 1st period - Tyler Seguin wins face-off versus Mark Scheifele in FLORIDA Panthers zone.
8:25 of 1st period - Shot by Dakota Mermis.
8:25 of 1st period - Stopped by Jake Allen without a rebound.
8:26 of 1st period - Patrick Kane wins face-off versus Mark Scheifele in FLORIDA Panthers zone.
8:31 of 1st period - Shot by Patrick Kane.
8:31 of 1st period - Stopped by Jake Allen with a rebound.
8:41 of 1st period - Shot by Patrick Kane.
8:41 of 1st period - Stopped by Jake Allen with a rebound.
8:43 of 1st period - Shot by Cam Atkinson.
8:43 of 1st period - Stopped by Jake Allen without a rebound.
8:44 of 1st period - Boone Jenner wins face-off versus Mark Scheifele in FLORIDA Panthers zone.
10:03 of 1st period - Icing by Jacob Trouba.
10:04 of 1st period - Joe Veleno wins face-off versus Cody Eakin in FLORIDA Panthers zone.
10:04 of 1st period - Joe Veleno is hit by Jacob Trouba.
10:05 of 1st period - Minor Penalty to Jacob Trouba for Holding.
10:06 of 1st period - Mark Scheifele wins face-off versus Patrick Kane in FLORIDA Panthers zone.
10:29 of 1st period - Shot by Tyson Barrie.
10:29 of 1st period - Stopped by Jake Allen without a rebound.
10:30 of 1st period - Tyler Seguin wins face-off versus Mark Scheifele in FLORIDA Panthers zone.
10:33 of 1st period - Shot by Jake Guentzel.
10:33 of 1st period - Deflect By Tyler Seguin.
10:33 of 1st period - Shot Misses the Net.
10:35 of 1st period - Shot by Dakota Mermis.
10:35 of 1st period - Shot Blocked by Mark Scheifele.
10:49 of 1st period - Shot by Dakota Mermis.
10:49 of 1st period - Shot Blocked by Jared Spurgeon .
10:51 of 1st period - Shot by Moritz Seider.
10:51 of 1st period - Shot Blocked by Jared Spurgeon .
11:05 of 1st period - Shot by Jake Guentzel.
11:05 of 1st period - Deflect By Tyler Seguin.
11:05 of 1st period - Stopped by Jake Allen without a rebound.
11:06 of 1st period - Patrick Kane wins face-off versus Mikael Backlund in FLORIDA Panthers zone.
11:07 of 1st period - Shot by Tyson Barrie.
11:07 of 1st period - Shot Misses the Net.
11:22 of 1st period - Icing by Tyson Barrie.
11:23 of 1st period - Mark Scheifele wins face-off versus Patrick Kane in MONTREAL Canadiens zone.
11:23 of 1st period - Mark Scheifele is hit by Justin Faulk.
11:52 of 1st period - Shot by Justin Faulk.
11:52 of 1st period - Stopped by Jake Allen without a rebound.
11:53 of 1st period - Mikael Backlund wins face-off versus Tyler Seguin in FLORIDA Panthers zone.
13:22 of 1st period - Shot by Patrick Kane.
13:22 of 1st period - Shot Blocked by Noah Hanifin.
13:24 of 1st period - Shot by Cam Atkinson.
13:24 of 1st period - Stopped by Jake Allen without a rebound.
13:25 of 1st period - Mikael Backlund wins face-off versus Patrick Kane in FLORIDA Panthers zone.
13:55 of 1st period - Shot by Cam Atkinson.
13:55 of 1st period - Stopped by Jake Allen without a rebound.
13:56 of 1st period - Tyler Seguin wins face-off versus Mark Scheifele in FLORIDA Panthers zone.
14:03 of 1st period - Shot by Jake Guentzel.
14:03 of 1st period - Stopped by Jake Allen with a rebound.
14:15 of 1st period - Shot by Jake Guentzel.
14:15 of 1st period - Shot Hit the Post.
14:29 of 1st period - Shot by Noah Hanifin.
14:29 of 1st period - Shot Misses the Net.
14:31 of 1st period - Shot by Noah Hanifin.
14:31 of 1st period - Shot Misses the Net.
15:06 of 1st period - Kiril Kaprizov is hit by Justin Faulk.
15:29 of 1st period - Shot by Kiril Kaprizov.
15:29 of 1st period - Stopped by Kevin Lankinen without a rebound.
15:30 of 1st period - Brett Howden wins face-off versus Cody Eakin in MONTREAL Canadiens zone.
15:36 of 1st period - Off-side.
15:37 of 1st period - Cody Eakin wins face-off versus Brett Howden in neutral zone.
15:46 of 1st period - Shot by Kyle Capobianco.
15:46 of 1st period - Stopped by Jake Allen without a rebound.
15:47 of 1st period - Mark Scheifele wins face-off versus Patrick Kane in FLORIDA Panthers zone.
15:47 of 1st period - Carter Verhaeghe is hit by Cam Atkinson and loses puck.
15:59 of 1st period - Minor Penalty to Justin Faulk for Interference.
16:00 of 1st period - Mark Scheifele wins face-off versus Patrick Kane in MONTREAL Canadiens zone.
16:25 of 1st period - Icing by Mark Scheifele.
16:26 of 1st period - Patrick Kane wins face-off versus Nikolay Goldobin in FLORIDA Panthers zone.
16:35 of 1st period - Shot by Noah Hanifin.
16:35 of 1st period - Stopped by Kevin Lankinen without a rebound.
16:36 of 1st period - Justin Scott wins face-off versus Patrick Kane in MONTREAL Canadiens zone.
16:53 of 1st period - Shot by Justin Scott.
16:53 of 1st period - Shot Misses the Net.
16:55 of 1st period - Shot by Mikael Backlund.
16:55 of 1st period - Shot Misses the Net.
16:57 of 1st period - Shot by Ian Cole.
16:57 of 1st period - Shot Misses the Net.
16:59 of 1st period - Shot by Justin Scott.
16:59 of 1st period - Stopped by Kevin Lankinen with a rebound.
17:01 of 1st period - Shot by Ian Cole.
17:01 of 1st period - Stopped by Kevin Lankinen without a rebound.
17:02 of 1st period - Mark Scheifele wins face-off versus Tyler Seguin in MONTREAL Canadiens zone.
17:03 of 1st period - Shot by Jared Spurgeon .
17:03 of 1st period - Shot Blocked by Moritz Seider.
17:13 of 1st period - Shot by Mark Scheifele.
17:13 of 1st period - Stopped by Kevin Lankinen without a rebound.
17:14 of 1st period - Patrick Kane wins face-off versus Mark Scheifele in MONTREAL Canadiens zone.
17:27 of 1st period - Shot by Jared Spurgeon .
17:27 of 1st period - Shot Misses the Net.
17:29 of 1st period - Shot by Noah Hanifin.
17:29 of 1st period - Shot Blocked by Tyson Barrie.
17:31 of 1st period - Shot by Mark Scheifele.
17:31 of 1st period - Stopped by Kevin Lankinen with a rebound.
17:33 of 1st period - Shot by Noah Hanifin.
17:33 of 1st period - Shot Misses the Net.
17:35 of 1st period - Shot by Jared Spurgeon .
17:35 of 1st period - Stopped by Kevin Lankinen without a rebound.
17:36 of 1st period - Mikael Backlund wins face-off versus Tyler Seguin in MONTREAL Canadiens zone.
18:13 of 1st period - Shot by Tyson Barrie.
18:13 of 1st period - Stopped by Jake Allen without a rebound.
18:14 of 1st period - Joe Veleno wins face-off versus Mikael Backlund in FLORIDA Panthers zone.
19:24 of 1st period - Justin Faulk is hit by Noah Hanifin and loses puck.
Goals for this period are 1 for FLORIDA Panthers vs 1 for MONTREAL Canadiens.
Shots for this period are 11 for FLORIDA Panthers vs 18 for MONTREAL Canadiens.

2nd period


0:01 of 2nd period - Mikael Backlund wins face-off versus Tyler Seguin in neutral zone.
0:03 of 2nd period - Off-side.
0:04 of 2nd period - Tyler Seguin wins face-off versus Mikael Backlund in neutral zone.
0:07 of 2nd period - Mikael Backlund is hit by Boone Jenner and loses puck.
0:22 of 2nd period - Shot by Kiril Kaprizov.
0:22 of 2nd period - Shot Misses the Net.
0:24 of 2nd period - Shot by Kiril Kaprizov.
0:24 of 2nd period - Shot Misses the Net.
0:26 of 2nd period - Shot by Jared Spurgeon .
0:26 of 2nd period - Shot Blocked by Moritz Seider.
0:28 of 2nd period - Shot by Noah Hanifin.
0:28 of 2nd period - Stopped by Kevin Lankinen without a rebound.
0:29 of 2nd period - Patrick Kane wins face-off versus Mark Scheifele in MONTREAL Canadiens zone.
1:46 of 2nd period - Shot by Boone Jenner.
1:46 of 2nd period - Goal by Boone Jenner - FLORIDA Panthers : 1 - MONTREAL Canadiens : 2.
1:47 of 2nd period - Cody Eakin wins face-off versus Brett Howden in neutral zone.
2:07 of 2nd period - Cody Eakin is hit by Kyle Capobianco and loses puck.
2:10 of 2nd period - Shot by Cody Eakin.
2:10 of 2nd period - Shot Misses the Net.
2:51 of 2nd period - Shot by Mikael Backlund.
2:51 of 2nd period - Shot Misses the Net.
2:53 of 2nd period - Shot by Noah Hanifin.
2:53 of 2nd period - Shot Misses the Net.
2:55 of 2nd period - Shot by Jared Spurgeon .
2:55 of 2nd period - Shot Misses the Net.
3:20 of 2nd period - Shot by Kiril Kaprizov.
3:20 of 2nd period - Stopped by Kevin Lankinen without a rebound.
3:21 of 2nd period - Mark Scheifele wins face-off versus Patrick Kane in MONTREAL Canadiens zone.
3:21 of 2nd period - Barclay Goodrow is hit by Moritz Seider and loses puck.
3:38 of 2nd period - Shot by Evgeni Malkin.
3:38 of 2nd period - Shot Misses the Net.
3:58 of 2nd period - Shot by Patrick Kane.
3:58 of 2nd period - Shot Blocked by Mario Ferraro.
4:00 of 2nd period - Shot by Cam Atkinson.
4:00 of 2nd period - Shot Blocked by Mario Ferraro.
4:02 of 2nd period - Shot by Evgeni Malkin.
4:02 of 2nd period - Stopped by Jake Allen without a rebound.
4:03 of 2nd period - Tyler Seguin wins face-off versus Cody Eakin in FLORIDA Panthers zone.
4:03 of 2nd period - Tyler Seguin is hit by Nikita Zadorov.
4:04 of 2nd period - Minor Penalty to Jacob Trouba for Slashing.
4:05 of 2nd period - Tyler Seguin wins face-off versus Mark Scheifele in FLORIDA Panthers zone.
4:05 of 2nd period - Justin Faulk is hit by Noah Hanifin and loses puck.
4:10 of 2nd period - Shot by Tyson Barrie.
4:10 of 2nd period - Stopped by Jake Allen with a rebound.
4:12 of 2nd period - Shot by Tyson Barrie.
4:12 of 2nd period - Shot Misses the Net.
4:14 of 2nd period - Shot by Justin Faulk.
4:14 of 2nd period - Shot Blocked by Noah Hanifin.
4:22 of 2nd period - Shot by Tyler Seguin.
4:22 of 2nd period - Goal by Tyler Seguin - FLORIDA Panthers : 1 - MONTREAL Canadiens : 3.
4:23 of 2nd period - Cody Eakin wins face-off versus Joe Veleno in neutral zone.
4:23 of 2nd period - Cody Eakin is hit by Joe Veleno.
4:30 of 2nd period - Shot by Cody Eakin.
4:30 of 2nd period - Goal by Cody Eakin - FLORIDA Panthers : 2 - MONTREAL Canadiens : 3.
4:31 of 2nd period - Mikael Backlund wins face-off versus Tyler Seguin in neutral zone.
4:36 of 2nd period - Icing by Jake Guentzel.
4:37 of 2nd period - Tyler Seguin wins face-off versus Mikael Backlund in MONTREAL Canadiens zone.
4:57 of 2nd period - Off-side.
4:58 of 2nd period - Evgeni Malkin wins face-off versus Rickard Rakell in neutral zone.
4:58 of 2nd period - Dakota Mermis is hit by Cody Eakin and loses puck.
5:09 of 2nd period - Shot by Rickard Rakell.
5:09 of 2nd period - Stopped by Kevin Lankinen with a rebound.
6:18 of 2nd period - Off-side.
6:19 of 2nd period - Brett Howden wins face-off versus Mark Scheifele in neutral zone.
7:02 of 2nd period - Shot by Kailer Yamamoto.
7:02 of 2nd period - Goal by Kailer Yamamoto - FLORIDA Panthers : 2 - MONTREAL Canadiens : 4.
7:03 of 2nd period - Tyler Seguin wins face-off versus Mikael Backlund in neutral zone.
7:19 of 2nd period - Jake Guentzel is hit by Jared Spurgeon and loses puck.
7:24 of 2nd period - Shot by Tyler Seguin.
7:24 of 2nd period - Shot Misses the Net.
7:26 of 2nd period - Shot by Tyler Seguin.
7:26 of 2nd period - Shot Misses the Net.
7:28 of 2nd period - Shot by Jake Guentzel.
7:28 of 2nd period - Stopped by Jake Allen with a rebound.
7:30 of 2nd period - Shot by Tyson Barrie.
7:30 of 2nd period - Shot Misses the Net.
8:05 of 2nd period - Icing by Cam Atkinson.
8:06 of 2nd period - Cam Atkinson wins face-off versus Mark Scheifele in MONTREAL Canadiens zone.
8:06 of 2nd period - Cam Atkinson is hit by Barclay Goodrow.
8:20 of 2nd period - Shot by Evgeni Malkin.
8:20 of 2nd period - Deflect By Patrick Kane.
8:20 of 2nd period - Shot Hit the Post.
8:24 of 2nd period - Shot by Evgeni Malkin.
8:24 of 2nd period - Shot Blocked by Mario Ferraro.
8:26 of 2nd period - Shot by Evgeni Malkin.
8:26 of 2nd period - Stopped by Jake Allen with a rebound.
8:55 of 2nd period - Icing by Barclay Goodrow.
8:56 of 2nd period - Mark Scheifele wins face-off versus Boone Jenner in FLORIDA Panthers zone.
8:56 of 2nd period - Mark Scheifele is hit by Tyler Seguin.
9:35 of 2nd period - Michael Bunting is hit by Boone Jenner and loses puck.
10:14 of 2nd period - Shot by Isac Lundestrom.
10:14 of 2nd period - Stopped by Jake Allen without a rebound.
10:15 of 2nd period - Morgan Geekie wins face-off versus Evgeni Malkin in FLORIDA Panthers zone.
10:15 of 2nd period - Morgan Geekie is hit by Evgeni Malkin.
10:30 of 2nd period - Mario Ferraro is hit by Cam Atkinson and loses puck.
10:41 of 2nd period - Shot by Evgeni Malkin.
10:41 of 2nd period - Stopped by Jake Allen without a rebound.
10:42 of 2nd period - Brett Howden wins face-off versus Mikael Backlund in FLORIDA Panthers zone.
10:42 of 2nd period - Kailer Yamamoto is hit by Noah Hanifin and loses puck.
10:46 of 2nd period - Icing by Jared Spurgeon .
10:47 of 2nd period - Nikolay Goldobin wins face-off versus Tyler Seguin in FLORIDA Panthers zone.
10:49 of 2nd period - Icing by Jared Spurgeon .
10:50 of 2nd period - Patrick Kane wins face-off versus Mikael Backlund in FLORIDA Panthers zone.
10:50 of 2nd period - Evgeni Malkin is hit by Jared Spurgeon and loses puck.
10:54 of 2nd period - Icing by Noah Hanifin.
10:55 of 2nd period - Mikael Backlund wins face-off versus Patrick Kane in FLORIDA Panthers zone.
10:55 of 2nd period - Mikael Backlund is hit by Cam Atkinson.
11:16 of 2nd period - Kiril Kaprizov is hit by Justin Faulk.
11:37 of 2nd period - Kiril Kaprizov is hit by Justin Faulk.
11:47 of 2nd period - Justin Faulk is hit by Jared Spurgeon .
11:54 of 2nd period - Off-side.
11:55 of 2nd period - Mark Scheifele wins face-off versus Tyler Seguin in neutral zone.
11:55 of 2nd period - Carter Verhaeghe is hit by Tyler Seguin and loses puck.
13:06 of 2nd period - Shot by Brett Howden.
13:06 of 2nd period - Stopped by Jake Allen with a rebound.
13:08 of 2nd period - Shot by Kailer Yamamoto.
13:08 of 2nd period - Stopped by Jake Allen without a rebound.
13:09 of 2nd period - Joe Veleno wins face-off versus Morgan Geekie in FLORIDA Panthers zone.
13:48 of 2nd period - Shot by Michael Pezzetta.
13:48 of 2nd period - Stopped by Jake Allen without a rebound.
13:49 of 2nd period - Mikael Backlund wins face-off versus Patrick Kane in FLORIDA Panthers zone.
15:08 of 2nd period - Shot by Boone Jenner.
15:08 of 2nd period - Shot Blocked by Ian Cole.
15:10 of 2nd period - Shot by Jake Guentzel.
15:10 of 2nd period - Shot Misses the Net.
15:12 of 2nd period - Shot by Tyler Seguin.
15:12 of 2nd period - Goal by Tyler Seguin - FLORIDA Panthers : 2 - MONTREAL Canadiens : 5.
15:13 of 2nd period - Brett Howden wins face-off versus Cody Eakin in neutral zone.
15:38 of 2nd period - Shot by Noah Hanifin.
15:38 of 2nd period - Shot Misses the Net.
15:54 of 2nd period - Shot by Brett Howden.
15:54 of 2nd period - Shot Blocked by Noah Hanifin.
16:08 of 2nd period - Justin Faulk is hit by Taro Hirose and loses puck.
16:33 of 2nd period - Shot by Justin Scott.
16:33 of 2nd period - Shot Blocked by Justin Faulk.
16:35 of 2nd period - Shot by Justin Scott.
16:35 of 2nd period - Stopped by Kevin Lankinen without a rebound.
16:36 of 2nd period - Mikael Backlund wins face-off versus Evgeni Malkin in MONTREAL Canadiens zone.
17:06 of 2nd period - Icing by Moritz Seider.
17:07 of 2nd period - Patrick Kane wins face-off versus Mark Scheifele in MONTREAL Canadiens zone.
17:12 of 2nd period - Shot by Evgeni Malkin.
17:12 of 2nd period - Shot Blocked by Noah Hanifin.
17:41 of 2nd period - Jared Spurgeon is hit by Patrick Kane and loses puck.
17:55 of 2nd period - Icing by Patrick Kane.
17:56 of 2nd period - Patrick Kane wins face-off versus Mikael Backlund in MONTREAL Canadiens zone.
18:32 of 2nd period - Kiril Kaprizov is hit by Matthew Benning and loses puck.
18:36 of 2nd period - Icing by Kyle Capobianco.
18:37 of 2nd period - Tyler Seguin wins face-off versus Cody Eakin in MONTREAL Canadiens zone.
19:13 of 2nd period - Shot by Rickard Rakell.
19:13 of 2nd period - Shot Blocked by Matthew Benning.
19:15 of 2nd period - Shot by Michael Bunting.
19:15 of 2nd period - Shot Misses the Net.
19:17 of 2nd period - Shot by Cody Eakin.
19:17 of 2nd period - Shot Blocked by Matthew Benning.
19:19 of 2nd period - Shot by Michael Bunting.
19:19 of 2nd period - Shot Misses the Net.
19:31 of 2nd period - Jared Spurgeon is hit by Boone Jenner and loses puck.
19:44 of 2nd period - Shot by Kailer Yamamoto.
19:44 of 2nd period - Stopped by Jake Allen without a rebound.
19:45 of 2nd period - Mikael Backlund wins face-off versus Brett Howden in FLORIDA Panthers zone.
Goals for this period are 1 for FLORIDA Panthers vs 4 for MONTREAL Canadiens.
Shots for this period are 5 for FLORIDA Panthers vs 14 for MONTREAL Canadiens.

3rd period


0:01 of 3rd period - Patrick Kane wins face-off versus Mikael Backlund in neutral zone.
0:06 of 3rd period - Mikael Backlund is hit by Evgeni Malkin and loses puck.
0:17 of 3rd period - Shot by Nikolay Goldobin.
0:17 of 3rd period - Shot Blocked by Justin Faulk.
0:41 of 3rd period - Tyson Barrie is hit by Mikael Backlund and loses puck.
1:49 of 3rd period - Michael Bunting is hit by Jake Guentzel and loses puck.
2:02 of 3rd period - Shot by Cody Eakin.
2:02 of 3rd period - Stopped by Kevin Lankinen without a rebound.
2:03 of 3rd period - Morgan Geekie wins face-off versus Kailer Yamamoto in MONTREAL Canadiens zone.
2:33 of 3rd period - Noah Hanifin is hit by Kailer Yamamoto and loses puck.
3:39 of 3rd period - Icing by Dakota Mermis.
3:40 of 3rd period - Mark Scheifele wins face-off versus Tyler Seguin in MONTREAL Canadiens zone.
4:13 of 3rd period - Shot by Mark Scheifele.
4:13 of 3rd period - Shot Misses the Net.
4:15 of 3rd period - Shot by Mario Ferraro.
4:15 of 3rd period - Stopped by Kevin Lankinen without a rebound.
4:16 of 3rd period - Cody Eakin wins face-off versus Patrick Kane in MONTREAL Canadiens zone.
4:55 of 3rd period - Shot by Evgeni Malkin.
4:55 of 3rd period - Shot Hit the Post.
5:29 of 3rd period - Shot by Kiril Kaprizov.
5:29 of 3rd period - Deflect By Mikael Backlund.
5:29 of 3rd period - Stopped by Kevin Lankinen without a rebound.
5:30 of 3rd period - Tyler Seguin wins face-off versus Mark Scheifele in MONTREAL Canadiens zone.
5:41 of 3rd period - Boone Jenner is hit by Ian Cole and loses puck.
6:30 of 3rd period - Kailer Yamamoto is hit by Ian Cole and loses puck.
7:02 of 3rd period - Shot by Kailer Yamamoto.
7:02 of 3rd period - Stopped by Jake Allen without a rebound.
7:03 of 3rd period - Mikael Backlund wins face-off versus Patrick Kane in FLORIDA Panthers zone.
7:03 of 3rd period - Mikael Backlund is hit by Evgeni Malkin.
7:09 of 3rd period - Patrick Kane is hit by Mikael Backlund and loses puck.
7:16 of 3rd period - Shot by Nikolay Goldobin.
7:16 of 3rd period - Shot Blocked by Matthew Benning.
8:27 of 3rd period - Shot by Jacob Trouba.
8:27 of 3rd period - Shot Blocked by Moritz Seider.
8:29 of 3rd period - Shot by Rickard Rakell.
8:29 of 3rd period - Shot Misses the Net.
8:31 of 3rd period - Shot by Rickard Rakell.
8:31 of 3rd period - Shot Misses the Net.
8:33 of 3rd period - Shot by Michael Bunting.
8:33 of 3rd period - Stopped by Kevin Lankinen without a rebound.
8:34 of 3rd period - Joe Veleno wins face-off versus Morgan Geekie in MONTREAL Canadiens zone.
8:50 of 3rd period - Icing by Jacob Trouba.
8:51 of 3rd period - Morgan Geekie wins face-off versus Brett Howden in FLORIDA Panthers zone.
8:51 of 3rd period - Morgan Geekie is hit by Isac Lundestrom.
9:04 of 3rd period - Kyle Capobianco is hit by Jacob Trouba and loses puck.
9:05 of 3rd period - Minor Penalty to Nikita Zadorov for Roughing.
9:06 of 3rd period - Patrick Kane wins face-off versus Mark Scheifele in FLORIDA Panthers zone.
10:06 of 3rd period - Icing by Moritz Seider.
10:07 of 3rd period - Mikael Backlund wins face-off versus Tyler Seguin in MONTREAL Canadiens zone.
10:18 of 3rd period - Shot by Dakota Mermis.
10:18 of 3rd period - Stopped by Jake Allen with a rebound.
10:20 of 3rd period - Shot by Dakota Mermis.
10:20 of 3rd period - Shot Misses the Net.
10:22 of 3rd period - Shot by Tyler Seguin.
10:22 of 3rd period - Stopped by Jake Allen without a rebound.
10:23 of 3rd period - Mark Scheifele wins face-off versus Tyler Seguin in FLORIDA Panthers zone.
10:57 of 3rd period - Shot by Dakota Mermis.
10:57 of 3rd period - Shot Blocked by Noah Hanifin.
11:07 of 3rd period - Shot by Rickard Rakell.
11:07 of 3rd period - Deflect By Cody Eakin.
11:07 of 3rd period - Shot Misses the Net.
11:39 of 3rd period - Shot by Rickard Rakell.
11:39 of 3rd period - Stopped by Kevin Lankinen with a rebound.
12:08 of 3rd period - Kailer Yamamoto is hit by Jacob Trouba and loses puck.
12:27 of 3rd period - Shot by Brett Howden.
12:27 of 3rd period - Stopped by Jake Allen without a rebound.
12:28 of 3rd period - Tyler Seguin wins face-off versus Kiril Kaprizov in FLORIDA Panthers zone.
12:37 of 3rd period - Moritz Seider is hit by Mikael Backlund and loses puck.
12:42 of 3rd period - Shot by Nikolay Goldobin.
12:42 of 3rd period - Stopped by Kevin Lankinen without a rebound.
12:43 of 3rd period - Joe Veleno wins face-off versus Mark Scheifele in MONTREAL Canadiens zone.
14:16 of 3rd period - Shot by Mikael Backlund.
14:16 of 3rd period - Shot Misses the Net.
14:25 of 3rd period - Mikael Backlund is hit by Tyson Barrie and loses puck.
14:59 of 3rd period - Icing by Nikita Zadorov.
15:00 of 3rd period - Morgan Geekie wins face-off versus Brett Howden in FLORIDA Panthers zone.
15:19 of 3rd period - Shot by Justin Scott.
15:19 of 3rd period - Stopped by Kevin Lankinen without a rebound.
15:20 of 3rd period - Barclay Goodrow wins face-off versus Tyler Seguin in MONTREAL Canadiens zone.
15:20 of 3rd period - Mario Ferraro is hit by Dakota Mermis and loses puck.
15:29 of 3rd period - Shot by Mark Scheifele.
15:29 of 3rd period - Deflect By Carter Verhaeghe.
15:29 of 3rd period - Stopped by Kevin Lankinen without a rebound.
15:30 of 3rd period - Tyler Seguin wins face-off versus Mikael Backlund in MONTREAL Canadiens zone.
15:36 of 3rd period - Mikael Backlund is hit by Dakota Mermis and loses puck.
16:55 of 3rd period - Cam Atkinson is hit by Barclay Goodrow and loses puck.
17:12 of 3rd period - Shot by Evgeni Malkin.
17:12 of 3rd period - Shot Misses the Net.
17:14 of 3rd period - Shot by Justin Faulk.
17:14 of 3rd period - Stopped by Jake Allen without a rebound.
17:15 of 3rd period - Brett Howden wins face-off versus Cody Eakin in FLORIDA Panthers zone.
17:28 of 3rd period - Shot by Rickard Rakell.
17:28 of 3rd period - Stopped by Kevin Lankinen without a rebound.
17:29 of 3rd period - Morgan Geekie wins face-off versus Joe Veleno in MONTREAL Canadiens zone.
17:29 of 3rd period - Morgan Geekie is hit by Kyle Capobianco.
17:33 of 3rd period - Shot by Justin Scott.
17:33 of 3rd period - Deflect By Morgan Geekie.
17:33 of 3rd period - Shot Misses the Net.
18:48 of 3rd period - Shot by Kiril Kaprizov.
18:48 of 3rd period - Deflect By Mikael Backlund.
18:48 of 3rd period - Goal by Mikael Backlund - FLORIDA Panthers : 3 - MONTREAL Canadiens : 5.
18:49 of 3rd period - Carter Verhaeghe wins face-off versus Tyler Seguin in neutral zone.
Goals for this period are 1 for FLORIDA Panthers vs 0 for MONTREAL Canadiens.
Shots for this period are 10 for FLORIDA Panthers vs 5 for MONTREAL Canadiens.